 Dungeon Crawl Stone Soup version 0.31-a0-165-g3f4f80340b (webtiles) character file.

Game seed: 8084298300280208218

61 qw the Chopper (level 4, -7/28 HPs)
             Began as a Gargoyle Fighter on June 13, 2023.
             Mangled by Natasha (8 damage)
             ... on level 2 of the Dungeon.
             The game lasted 00:00:46 (1166 turns).

qw the Chopper (Gargoyle Fighter)                   Turns: 1166, Time: 00:00:46

Health: -7/28      AC: 10    Str: 21    XL:     4   Next: 7%
Magic:  4/4        EV:  9    Int:  9    God:
Gold:   34         SH:  4    Dex:  9    Spells: 3/3 levels left

rFire   . . .        Y - +0 war axe
rCold   . . .        c - +0 buckler
rNeg    + . .        b - +0 scale mail
rPois   inf          (no helmet)
rElec   +            (no cloak)
rCorr   .            (no gloves)
SInv    .            (no boots)
Will    .....        (no amulet) Stlth
                     (no ring)
HPRegen 0.24/turn    (no ring)
MPRegen 0.09/turn

%: no passive effects
@: about to teleport, slowed, very slow
A: sickness immunity, AC +3, negative energy resistance 1, electricity
resistance, torment resistance 1, petrification resistance
a: no special abilities


You were on level 2 of the Dungeon.
You visited 1 branch of the dungeon, and saw 2 of its levels.

You collected 34 gold pieces.


Innate Abilities, Weirdness & Mutations

You are immune to sickness and miasma.
Your stone body is resilient. (AC +3)
You are immune to poison.
You resist negative energy. (rN+)
You are resistant to electric shocks. (rElec)
You are resistant to unholy torment.
You are immune to petrification.


   Skills:
 - Level 3.2 Fighting
 + Level 3.8 Axes
 - Level 3.2 Armour
 - Level 3.2 Shields


You had 3 spell levels left.
You didn't know any spells.
Your spell library was empty.

Inventory:

Hand Weapons
 j - a +0 mace
 Y - a +0 war axe (weapon)
Armour
 b - a +0 scale mail (worn)
 c - a +0 buckler (worn)
 e - a +0 pair of boots
Jewellery
 g - a ring of ice
Scrolls
 h - a scroll of amnesia {unknown}
Potions
 d - a potion of might
 f - a potion of degeneration {unknown}
 i - a potion of heal wounds {unknown}

Dungeon Overview and Level Annotations

Branches:
Dungeon (2/15)

Altars:
Uskayaw

Annotations:
D:2 Natasha


Message History

The cerulean imp hits you from afar with a +0 spear.
You hit Natasha.
Natasha is almost dead.
You closely miss the frilled lizard. The cerulean imp closely misses you.
The frilled lizard barely misses you. You block Natasha's attack.
The cerulean imp closely misses you.
The frilled lizard bites you but does no damage.
The cerulean imp hits you but does no damage.
Natasha barely misses you.
The cerulean imp hits you but does no damage.
You barely miss Natasha.
Natasha is almost dead.
You closely miss the frilled lizard. You block the cerulean imp's attack.
The frilled lizard bites you but does no damage.
Natasha closely misses you. The cerulean imp closely misses you.
The frilled lizard bites you but does no damage.
The cerulean imp hits you but does no damage.
Natasha stares at you and mumbles some strange words.
You resist with some effort. You block the cerulean imp's attack.
You closely miss Natasha.
Natasha is almost dead.
You miss the frilled lizard.
The cerulean imp hits you from afar with a +0 spear.
The frilled lizard bites you but does no damage.
Natasha zaps a wand.
The puff of flame misses you.
The cerulean imp hits you but does no damage.
You block the frilled lizard's attack.
The cerulean imp hits you but does no damage.
Natasha mumbles some strange words.
Natasha's front paws start to glow.
Natasha zaps a wand.
The puff of flame hits you! The cerulean imp barely misses you.
1166 ||| READING scroll of teleportation.
As you read the scroll of teleportation, it crumbles to dust.
You feel strangely unstable.
The cerulean imp hits you but does no damage.
The frilled lizard bites you but does no damage.
Natasha claws you!
You die...

#. #...
..........# #.
#... ..........#
##.##..<
..........#
#.......
..$.......#
#.......
.......<..#
#.......
......5...#
#.....#.
......l.h5#
#.......
...>...@..#
#....%..
#######...##
#....##. ##...##
#.##<##. ##...#
##.##.##.
#...####.....##.
##....##......#.
#.#............
#.##..#..#.....
###.##...#.###..#


You could see Natasha, 2 cerulean imps and a frilled lizard.

Vanquished Creatures
  An adder (D:2)
  2 worms (D:2)
  2 dart slugs (D:1)
  7 endoplasms
  3 goblins (D:1)
  3 hobgoblins
  4 jackals (D:2)
  2 kobolds
  4 quokkas (D:1)
  2 bats (D:2)
  2 frilled lizards
  7 rats
39 creatures vanquished.

Notes
Turn   | Place    | Note
-------+----------+-------------------------------------------
     0 | D:1      | qw the Gargoyle Fighter began the quest for the Orb.
     0 | D:1      | Reached XP level 1. HP: 14/14 MP: 1/1
     0 | D:1      | 0 ||| qw: Version: 0.2-a-29-gc1b59c4
     0 | D:1      | 0 ||| qw: Game counter: 4666
     0 | D:1      | 0 ||| qw: Always use a shield: true
     0 | D:1      | 0 ||| qw: God list: Okawaru
     0 | D:1      | 0 ||| qw: Allow faded altars: false
     0 | D:1      | 0 ||| qw: Do Orc after D:15 true
     0 | D:1      | 0 ||| qw: Do second Lair branch before Depths: true
     0 | D:1      | 0 ||| qw: Lair rune preference: random
     0 | D:1      | 0 ||| qw: Plans: Normal, Zot:1-4, Slime:5, God:TSO, Crypt,
                  | Tomb, Abyss, Pan, Hells, Win
     0 | D:1      | 0 ||| PLANNING D:1-11
    97 | D:1      | 97 ||| Stepping ~*~*~tactically~*~*~ (hiding).
   118 | D:1      | Reached XP level 2. HP: 19/19 MP: 2/2
   230 | D:1      | 230 ||| Stepping ~*~*~tactically~*~*~ (hiding).
   315 | D:1      | 315 ||| Stepping ~*~*~tactically~*~*~ (stealth).
   317 | D:1      | 317 ||| Stepping ~*~*~tactically~*~*~ (stealth).
   324 | D:1      | 324 ||| Stepping ~*~*~tactically~*~*~ (stealth).
   408 | D:1      | 408 ||| DROPPING +0 club.
   500 | D:1      | Reached skill level 3 in Axes
   675 | D:1      | Reached XP level 3. HP: 21/23 MP: 3/3
   807 | D:1      | 807 ||| READING 2 scrolls labelled MUYTATZA MUDAP.
   820 | D:1      | 820 ||| READING scroll labelled FOEMPY FIQODISS.
   933 | D:2      | 933 ||| Stepping ~*~*~tactically~*~*~ (stealth).
   934 | D:2      | 934 ||| Stepping ~*~*~tactically~*~*~ (stealth).
   961 | D:2      | Found a hide-covered altar of Uskayaw.
   995 | D:2      | Found a faded altar of an unknown god.
  1134 | D:2      | Reached XP level 4. HP: 28/28 MP: 4/4
  1155 | D:2      | Noticed Natasha
  1165 | D:2      | HP: 1/28 [Natasha/puff of flame (8)]
  1166 | D:2      | 1166 ||| READING scroll of teleportation.
  1166 | D:2      | Mangled by Natasha

Levels and vault maps discovered:
D:1:      lightli_molten_gateway, layout_loops_ring, moated_statue
D:2:      layout_rooms, basic_altar, ebering_ecumenical_altar_hall, uniq_natasha

Skill      XL: |  1  2 |
---------------+-------+-----
Axes           | 2 3 |  3.8
Fighting       | |  3.2
Armour         | |  3.2
Shields        | |  3.2

Action                     |  1- 3 |  4- 6 || total
---------------------------+-------+-------++-------
  Melee: War axe           |   120 |    10 ||   130
    Use: Scroll            |     2 |     1 ||     3
 Armour: Scale mail        |    55 |    24 ||    79
  Dodge: Dodged            |    61 |    19 ||    80
  Block: Buckler           |    17 |     6 ||    23

Table legend:
 A = Non-vault XP
 B = Vault XP
 C = Vault XP percentage of total XP
 D = Non-vault monster count
 E = Vault monster count
 F = Vault count percentage of total count
                 A         B        C        D         E       F
            +---------+---------+-------+---------+---------+-------
      Total |      88 |       0 |   0.0 |      39 |       0 |   0.0
            +---------+---------+-------+---------+---------+-------
        D:1 |      36 |       0 |   0.0 |      18 |       0 |   0.0
        D:2 |      52 |       0 |   0.0 |      21 |       0 |   0.0
            +---------+---------+-------+---------+---------+-------
